 Dungeon Crawl Stone Soup version 0.28.0-53-g5a82cb258f (webtiles) character file.

Game seed: 12343413997494917002

142 DemonSlayer the Firebug (level 5, -3/35 HPs)
             Began as a Demonspawn Fire Elementalist on July 22, 2022.
             Killed from afar by an orc wizard (11 damage)
             ... with a puff of flame
             ... on level 3 of the Dungeon.
             The game lasted 00:04:09 (2286 turns).

DemonSlayer the Firebug (DsFE)                      Turns: 2286, Time: 00:04:10

Health: -3/35      AC:  3    Str:  8    XL:     5   Next: 4%
Magic:  3/9        EV: 12    Int: 18    God:
Gold:   90         SH:  0    Dex: 14    Spells: 7/10 levels left

rFire   . . .      SeeInvis .   d - +0 falchion
rCold   . . .      Faith    .   (no shield)
rNeg    . . .      Spirit   .   a - +0 robe
rPois   .          Reflect  .   (helmet restricted)
rElec   .          Harm     .   (no cloak)
rCorr   .          Rampage  .   (no gloves)
Will    .....                   (no boots)
Stlth   ++........              (no amulet)
HPRegen 0.11/turn               (no ring)
MPRegen 0.11/turn               (no ring)

@: no status effects
A: horns 1, spiny 1, sharp scales 1
a: no special abilities


You were on level 3 of the Dungeon.
You visited 1 branch of the dungeon, and saw 3 of its levels.

You collected 90 gold pieces.

Inventory:

Hand Weapons
 d - a +0 falchion (weapon)
Missiles
 g - 21 sling bullets
Armour
 a - a +0 robe (worn)
Scrolls
 b - 2 scrolls of torment {unknown}
 c - a scroll of identify {unknown}
 e - a scroll of enchant weapon {unknown}
 i - 2 scrolls of teleportation {unknown}
 j - 2 scrolls of blinking {unknown}
Potions
 f - a potion of attraction {unknown}
 h - a potion of cancellation {unknown}
 k - a potion of curing {unknown}
 l - a potion of might {unknown}


   Skills:
 + Level 0.2 Long Blades
 + Level 2.0 Dodging
 + Level 2.4 Stealth
 + Level 3.2 Spellcasting
 + Level 2.2 Conjurations
 + Level 3.5 Fire Magic


You had 7 spell levels left.
You knew the following spells:

 Your Spells              Type           Power      Damage    Failure   Level
a - Foxfire               Conj/Fire      52%        2x1d6     4%          1
b - Scorch                Fire           30%        2d7       6%          2

Your spell library contained the following spells:

 Spells                   Type           Power      Damage    Failure   Level
 Conjure Flame            Conj/Fire      13%        6-21      14%         3
 Beastly Appendage        Tmut           4%         N/A       16%         1
 Ensorcelled Hibernation  Hex/Ice        4%         N/A       24%         2
 Passwall                 Tmut/Erth      1%         N/A       24%         2
 Wereblood                Tmut           2%         N/A       24%         2
 Inner Flame              Hex/Fire       9%         N/A       24%         3
 Dazzling Flash           Conj/Hex       14%        N/A       30%         3
 Spider Form              Tmut/Pois      2%         N/A       43%         3
 Swiftness                Air            2%         N/A       43%         3
 Flame Wave               Conj/Fire      13%        2d6       43%         4
 Agony                    Necr           2%         N/A       99%         5
 Silence                  Hex/Air        1%         N/A       99%         5


Dungeon Overview and Level Annotations

Branches:
Dungeon (3/15)

Altars:
Ashenzari
Okawaru

Annotations:
D:2 Sigmund


Innate Abilities, Weirdness & Mutations

You have a pair of small horns on your head.
You are partially covered in sharp spines.
You are partially covered in razor-sharp scales. (AC +1, Slay +1)


Message History

You are confused.
You bump into the rock wall.
You hear some strange, mumbled words.
A puff of flame appears from out of thin air!
The puff of flame misses you.
An orc comes into view. It is wielding a +1 vorpal falchion.
You miss something. Your punch misses something. Something hits you.
You hit something. Something hits you.
You bump into the rock wall.
Something hits you.
You bump into the rock wall.
You feel less confused.
You hear some strange, mumbled words.
You are confused.
You closely miss something.
You hear some strange, mumbled words.
A magic dart appears from out of thin air!
The magic dart hits you!
You closely miss the orc. You hit the orc.
The orc is heavily wounded.
You feel less confused. The orc barely misses you.
You hit the orc.
You kill the orc!
You hear some strange, mumbled words.
A puff of flame appears from out of thin air!
The puff of flame misses you.
You hear some strange, mumbled words.
You are confused.
You bump into the rock wall.
You bump into the rock wall.
You're too confused to move!
Something barely misses you.
You feel less confused. Something hits you.
You closely miss something. Your headbutt misses something. Something hits you.
* * * LOW HITPOINT WARNING * * *
You hear some strange, mumbled words.
A puff of flame appears from out of thin air!
The puff of flame hits you!
You die...

####...# ##..#
#..##### #..>....
#+# #.######
####.### #.#
#......# #.#
#.##.#.# #(#
#.#.@..# #.#
#.###..{...#######.#
#....))....†.......#
#####.##.#)#########
#.####.# #.# #.# #..
..# ### ###


There were no monsters in sight!

Vanquished Creatures
  2 orc priests (D:3)
  An orc wizard (D:3)
  2 adders
  3 dart slugs
  3 orcs (D:3)
  2 endoplasms (D:2)
  5 giant cockroaches
  A goblin (D:1)
  A hobgoblin (D:1)
  A quokka (D:1)
  6 ball pythons
  2 bats
  A frilled lizard (D:2)
  3 kobolds (D:1)
  5 rats
38 creatures vanquished.

Vanquished Creatures (others)
  141 foxfires
141 creatures vanquished.

Grand Total: 179 creatures vanquished

Notes
Turn   | Place    | Note
-------+----------+-------------------------------------------
     0 | D:1      | DemonSlayer the Demonspawn Fire Elementalist began the
                  | quest for the Orb.
     0 | D:1      | Reached XP level 1. HP: 13/13 MP: 3/3
   416 | D:1      | Gained mutation: You have a pair of small horns on your
                  | head. [demonic ancestry]
   416 | D:1      | Reached XP level 2. HP: 19/19 MP: 0/5
   419 | D:1      | Learned a level 2 spell: Scorch
  1375 | D:2      | Noticed Sigmund
  1545 | D:2      | Gained mutation: You are partially covered in sharp spines.
                  | [demonic ancestry]
  1545 | D:2      | Reached XP level 3. HP: 24/24 MP: 1/6
  1841 | D:3      | Reached XP level 4. HP: 30/30 MP: 0/7
  1915 | D:3      | Found an iron altar of Okawaru.
  2036 | D:3      | Found a broken altar of Ashenzari.
  2265 | D:3      | Gained mutation: You are partially covered in razor-sharp
                  | scales. (AC +1, Slay +1) [demonic ancestry]
  2265 | D:3      | Reached XP level 5. HP: 35/35 MP: 0/9
  2286 | D:3      | Killed from afar by an orc wizard

Illustrated notes

Levels and vault maps discovered:
D:1:      nzn_arrival_depleted_hourglass, layout_rooms, kennysheep_minor_cross,
          minmay_misc_feat_pillars, minmay_ruptured
D:2:      layout_loops_ring, uniq_natasha, uniq_sigmund, uniq_terence
D:3:      layout_loops_corners, cheibrodos_worm_habitat,
          nicolae_overflow_hidden_temple, mainiacjoe_overflow_cross_hatched,
          basic_ecumenical_altar, minmay_misc_feat_plants

Skill      XL: |  1  2  3  4 |
---------------+-------------+-----
Fire Magic     | 3 |  3.5
Dodging        | 2 |  2.0
Stealth        | 2 |  2.4
Conjurations   | 2 |  2.2
Spellcasting   | 3 |  3.2
Long Blades    | |  0.2

Action                   |  1- 3 |  4- 6 || total
-------------------------+-------+-------++-------
Melee: Unarmed           |    17 |       ||    17
       Punch             |     1 |     1 ||     2
       Falchion          |     1 |    14 ||    15
       Headbutt          |       |     2 ||     2
 Cast: Foxfire           |    60 |    25 ||    85
 Stab: Sleeping          |       |     1 ||     1
Armor: Robe              |    12 |     1 ||    13
Dodge: Dodged            |    30 |     6 ||    36
